 Dungeon Crawl Stone Soup version 0.26-a0-720-g2a1d101370 (webtiles) character file.

Game seed: 12255888396956830891

1985 robertstho the Magician (level 9, -7/65 HPs)
             Began as a Gnoll Fire Elementalist on Nov 2, 2020.
             Was a Believer of Sif Muna.
             Mangled by an orc warrior
             ... wielding a +1 glaive of venom
              (25 damage)
             ... on level 7 of the Dungeon.
             The game lasted 00:13:40 (7193 turns).

robertstho the Magician (Gnoll Fire Elementalist)   Turns: 7193, Time: 00:13:40

Health: -7/65      AC: 10    Str: 11    XL:     9   Next: 21%
Magic:  0/18       EV: 17    Int: 26    God:    Sif Muna [**....]
Gold:   326        SH:  0    Dex: 20    Spells: 7/21 levels left

rFire    . . .     SeeInvis +   I - +10 quarterstaff of Rixumut {vamp, rPois Dex+4 SInv}
rCold    . . .     Faith    .   (shield currently unavailable)
rNeg     . . .     Spirit   .   a - +0 robe
rPois    +         Reflect  .   G - +2 hat of Hide-and-Seek {rElec}
rElec    +         Harm     .   (no cloak)
rCorr    .         Rampage  .   u - +0 pair of gloves
MR       .....                  D - +0 pair of boots
Stlth    +++.......             (no amulet)
HPRegen  0.20/turn              H - +6 ring of intelligence
MPRegen  0.16/turn              p - +4 ring of protection

@: lethally poisoned (-7 -> -8), very slightly contaminated
A: distributed training, fangs 1, strong nose
a: Channel Magic, Renounce Religion


You were on level 7 of the Dungeon.
You worshipped Sif Muna.
Sif Muna was pleased with you.
You visited 2 branches of the dungeon, and saw 8 of its levels.

You collected 357 gold pieces.
You spent 31 gold pieces at shops.

Inventory:

Hand Weapons
 e - a +1 dagger of venom
 n - a +2 vampiric short sword
 r - a +0 long sword
 v - a +1 flail of protection
 I - the +10 quarterstaff of Rixumut (weapon) {vamp, rPois Dex+4 SInv}
   (You found it on level 7 of the Dungeon)

   It inflicts no extra harm, but heals its wielder when it wounds a living foe.
   It affects your dexterity (+4).
   It protects you from poison.
   It lets you see invisible.
Missiles
 F - 5 curare-tipped darts (quivered)
Armour
 a - a +0 robe (worn)
 u - a +0 pair of gloves (worn)
 D - a +0 pair of boots (worn)
 G - the +2 hat of Hide-and-Seek (worn) {rElec}
   (You found it on level 6 of the Dungeon)

   It insulates you from electricity.
Magical Staves
 w - an uncursed staff of fire
Jewellery
 p - a +4 ring of protection (right hand)
 z - an uncursed ring of protection from cold
 B - an uncursed ring of ice {unknown}
 E - an uncursed ring of protection from magic
 H - a +6 ring of intelligence (left hand)
Wands
 d - a wand of random effects (24)
 x - a wand of disintegration (13)
Scrolls
 b - a scroll of random uselessness {unknown}
 c - 5 scrolls of teleportation
 f - 4 scrolls of remove curse
 h - 2 scrolls of enchant weapon {unknown}
 q - 5 scrolls of amnesia {unknown}
 s - 5 scrolls of immolation {unknown}
 t - 3 scrolls of magic mapping
 y - 2 scrolls of enchant armour
Potions
 g - 3 potions of ambrosia
 i - 5 potions of curing
 j - a potion of stabbing
 k - a potion of haste
 l - a potion of might
 m - 5 potions of brilliance
 o - a potion of mutation
 A - 2 potions of cancellation
 C - a potion of invisibility


   Skills:
 + Level 4.0 Fighting
 + Level 4.0 Short Blades
 + Level 4.0 Long Blades
 + Level 4.0 Axes
 + Level 4.0 Maces & Flails
 + Level 4.0 Polearms
 + Level 4.0 Staves
 + Level 4.0 Slings
 + Level 4.0 Bows
 + Level 4.0 Crossbows
 + Level 4.0 Throwing
 + Level 4.0 Armour
 + Level 6.1 Dodging
 + Level 5.9 Stealth
 + Level 4.0 Shields
 + Level 4.0 Unarmed Combat
 + Level 6.5 Spellcasting
 + Level 4.0 Conjurations
 + Level 3.3 Hexes
 + Level 3.3 Summonings
 + Level 3.3 Necromancy
 + Level 3.3 Translocations
 + Level 3.3 Transmutations
 + Level 6.4 Fire Magic
 + Level 3.3 Ice Magic
 + Level 3.3 Air Magic
 + Level 3.3 Earth Magic
 + Level 3.3 Poison Magic
 + Level 4.4 Invocations
 + Level 4.0 Evocations


You had 7 spell levels left.
You knew the following spells:

 Your Spells              Type           Power        Failure   Level
a - Foxfire               Conj/Fire      ####         1%          1
b - Conjure Flame         Conj/Fire      #####...     2%          3
c - Sticky Flame          Conj/Fire      #####...     8%          4
d - Fireball              Conj/Fire      #####.....   22%         5
e - Apportation           Tloc           ####..       1%          1

Your spell library contained the following spells:

 Spells                   Type           Power        Failure   Level
 Animate Skeleton         Necr           ####..       1%          1
 Corona                   Hex            ####...      1%          1
 Summon Small Mammal      Summ           ####         1%          1
 Inner Flame              Hex/Fire       ####....     2%          3


Dungeon Overview and Level Annotations

Branches:
Dungeon (7/15)             Temple (1/1) D:4

Altars:
Ashenzari
Cheibriados
Dithmenos
Elyvilon
Fedhas
Gozag
Hepliaklqana
Kikubaaqudgha
Makhleb
Nemelex Xobeh
Okawaru
Qazlal
Ru
Sif Muna
Vehumet
Wu Jian
Xom
Yredelemnul
Zin

Shops:
D:5 *


Innate Abilities, Weirdness & Mutations

Your experience applies equally to all skills.
You have very sharp teeth.
Your uncanny sense of smell can sniff out nearby items.


Message History

You conjure some foxfire!
You feel sick.
The foxfire hits the killer bee!
The killer bee is heavily wounded.
The foxfire hits the killer bee.
The killer bee is heavily wounded.
Casting: Foxfire (safe; 1% risk of failure)
Confirm with . or Enter, or press ? or * to list all spells.
You conjure some foxfire!
You feel sick. The killer bee closely misses you.
The orc warrior closely misses you. The killer bee barely misses you.
The foxfire hits the killer bee.
The killer bee is severely wounded.
The foxfire hits the bullfrog.
The bullfrog is moderately wounded.
The bullfrog hits you but does no damage.
The killer bee closely misses you.
Casting: Foxfire (safe; 1% risk of failure)
Confirm with . or Enter, or press ? or * to list all spells.
You conjure some foxfire!
You feel sick. The killer bee completely misses you. The bullfrog misses you.
The orc warrior hits you from afar with a +1 glaive of venom!!
You die...

#..[y.F.......
#.##########.#
.# #.# #.
#.####### ##
#........ #.
#..###### #.
####.o#######
###.
#....yF.....#
....
#.#§v@#####.#
#. ###..###v#
####.
####(...# .#
.....
#....#..###.#
#####
#.[........##
#....#.#####
##.#.#.#
#.....##
#....#.#


You could see an orc warrior, a bullfrog and a killer bee.

Vanquished Creatures
  A steam dragon (D:7)
  An ice beast (D:4)
  A black bear (D:6)
  An orc warrior (D:7)
  An ogre (D:5)
  2 centaurs (D:6)
  A bullfrog (D:6)
  A gnoll sergeant (D:5)
  2 killer bees
  A howler monkey (D:5)
  A centaur skeleton (D:5)
  3 orc priests (D:5)
  2 jellies (D:6)
  A bullfrog skeleton (D:5)
  Jessica (D:4)
  An iguana (D:5)
  4 worker ants
  Natasha (thrice) (D:4)
  8 orc wizards
  A hound zombie (D:6)
  A hound skeleton (D:6)
  2 worker ant zombies
  18 gnolls
  7 adders
  An adder skeleton (D:5)
  4 adder zombies
  A dart slug (D:1)
  A worm (D:3)
  4 leopard geckos
  21 orcs
  A bat skeleton (D:2)
  4 giant cockroaches
  7 goblins
  6 hobgoblins
  13 jackals
  8 kobolds
  2 quokkas
  A ball python (D:3)
  6 bats
  3 frilled lizards (D:1)
  A leopard gecko skeleton (D:2)
  A leopard gecko zombie (D:2)
  2 quokka skeletons
  A quokka zombie (D:6)
  7 rats
160 creatures vanquished.

Vanquished Creatures (collateral kills)
  9 foxfires
9 creatures vanquished.

Vanquished Creatures (others)
  A shadow imp (D:7)
  558 foxfires
  2 plants (D:5)
  5 withered plants
566 creatures vanquished.

Grand Total: 735 creatures vanquished

Notes
Turn   | Place    | Note
-------+----------+-------------------------------------------
     0 | D:1      | robertstho the Gnoll Fire Elementalist began the quest for
                  | the Orb.
     0 | D:1      | Reached XP level 1. HP: 13/13 MP: 6/6
   274 | D:1      | Reached XP level 2. HP: 19/19 MP: 3/7
  1052 | D:2      | Reached skill level 5 in Spellcasting
  1052 | D:2      | Reached XP level 3. HP: 25/25 MP: 4/9
  1279 | D:2      | Reached skill level 1 in Invocations
  1389 | D:2      | Reached skill level 1 in Fighting
  1389 | D:2      | Reached skill level 1 in Short Blades
  1389 | D:2      | Reached skill level 1 in Long Blades
  1389 | D:2      | Reached skill level 1 in Axes
  1389 | D:2      | Reached skill level 1 in Maces & Flails
  1389 | D:2      | Reached skill level 1 in Polearms
  1389 | D:2      | Reached skill level 1 in Staves
  1389 | D:2      | Reached skill level 1 in Slings
  1389 | D:2      | Reached skill level 1 in Bows
  1389 | D:2      | Reached skill level 1 in Crossbows
  1389 | D:2      | Reached skill level 1 in Throwing
  1389 | D:2      | Reached skill level 1 in Armour
  1389 | D:2      | Reached skill level 1 in Shields
  1389 | D:2      | Reached skill level 1 in Unarmed Combat
  1389 | D:2      | Reached skill level 1 in Evocations
  1391 | D:2      | Reached XP level 4. HP: 32/32 MP: 4/11
  1896 | D:3      | Reached skill level 1 in Hexes
  1896 | D:3      | Reached skill level 1 in Summonings
  1896 | D:3      | Reached skill level 1 in Necromancy
  1896 | D:3      | Reached skill level 1 in Translocations
  1896 | D:3      | Reached skill level 1 in Transmutations
  1896 | D:3      | Reached skill level 1 in Ice Magic
  1896 | D:3      | Reached skill level 1 in Air Magic
  1896 | D:3      | Reached skill level 1 in Earth Magic
  1896 | D:3      | Reached skill level 1 in Poison Magic
  2050 | D:3      | Found a faded altar of an unknown god.
  2672 | D:3      | Reached XP level 5. HP: 37/37 MP: 6/12
  2788 | D:3      | Learned a level 3 spell: Conjure Flame
  2793 | D:3      | Learned a level 4 spell: Sticky Flame
  2799 | D:3      | Learned a level 5 spell: Fireball
  3005 | D:4      | Noticed Natasha
  3005 | D:4      | Noticed an ice beast
  3009 | D:4      | Killed an ice beast
  3009 | D:4      | Reached XP level 6. HP: 44/44 MP: 8/13
  3014 | D:4      | Killed Natasha
  3014 | D:4      | Reached skill level 5 in Dodging
  3113 | D:4      | Noticed Natasha
  3117 | D:4      | Killed Natasha
  3293 | D:4      | Noticed Natasha
  3301 | D:4      | Killed Natasha
  3394 | D:4      | Found a staircase to the Ecumenical Temple.
  3423 | D:4      | Found a shimmering altar of Xom.
  3469 | Temple   | Entered the Ecumenical Temple
  3543 | D:4      | Found a basalt altar of Yredelemnul.
  3552 | D:4      | Reached XP level 7. HP: 45/50 MP: 10/15
  3733 | D:4      | Noticed Jessica
  3736 | D:4      | Killed Jessica
  3743 | D:4      | Found a shimmering blue altar of Sif Muna.
  3751 | D:4      | Became a worshipper of Sif Muna the Loreminder
  3904 | D:5      | Entered Level 5 of the Dungeon
  3907 | D:5      | Learned a level 1 spell: Apportation
  4184 | D:5      | Reached skill level 5 in Stealth
  4427 | D:5      | Found Leezot's Assorted Antiques.
  4447 | D:5      | Reached XP level 8. HP: 57/57 MP: 5/16
  4527 | D:5      | Bought a scroll labeled UTOATIES EDEIN for 31 gold pieces
  4558 | D:5      | Reached * piety under Sif Muna
  5432 | D:6      | Found a sacrificial altar of Ru.
  5436 | D:6      | Got a translucent hat
  5441 | D:6      | Identified the +2 hat of Hide-and-Seek {rElec} (You found
                  | it on level 6 of the Dungeon)
  6309 | D:7      | Found a snail-covered altar of Cheibriados.
  6322 | D:7      | Reached XP level 9. HP: 44/65 MP: 8/18
  6668 | D:7      | Reached ** piety under Sif Muna
  7076 | D:7      | Got an ivory quarterstaff
  7076 | D:7      | Identified the +10 quarterstaff of Rixumut {vamp, rPois
                  | Dex+4 SInv} (You found it on level 7 of the Dungeon)
  7193 | D:7      | Mangled by an orc warrior

Illustrated notes

Levels and vault maps discovered:
D:1:      minmay_arrival_pointy, layout_loops_ring
D:2:      layout_loops_cross, serial_undead, serial_undead_c, serial_undead_b,
          serial_undead_e, serial_undead_c, serial_undead_b, serial_undead_b,
          serial_undead_f
D:3:      layout_loops_corners, chequers_ecumenical_altar_simple_redux,
          minmay_misc_feat_cross
D:4:      layout_rooms, tgw_sif, nicolae_overflow_hidden_temple,
          kennysheep_little_box, minmay_temple_entry_offerings,
          yredelemnul_altar_generic, uniq_natasha
D:5:      layout_gridville, serial_shops, nicolae_shop_overgrown_old_shop
D:6:      layout_basic, lemuel_doored_altar
D:7:      layout_loops_ring, tso_altar, cheibriados_altar_1
Temple:   eino_wide_crystal_templ

Skill      XL: |  1  2  3  4  5  6  7  8  9 |
---------------+----------------------------+-----
Conjurations   | 2 3 4 |  4.0
Spellcasting   | 5 6 |  6.5
Invocations    | 1 2 3 4 |  4.4
Fighting       | 1 2 3 4 |  4.0
Short Blades   | 1 2 3 4 |  4.0
Long Blades    | 1 2 3 4 |  4.0
Axes           | 1 2 3 4 |  4.0
Maces & Flails | 1 2 3 4 |  4.0
Polearms       | 1 2 3 4 |  4.0
Staves         | 1 2 3 4 |  4.0
Slings         | 1 2 3 4 |  4.0
Bows           | 1 2 3 4 |  4.0
Crossbows      | 1 2 3 4 |  4.0
Throwing       | 1 2 3 4 |  4.0
Armour         | 1 2 3 4 |  4.0
Shields        | 1 2 3 4 |  4.0
Unarmed Combat | 1 2 3 4 |  4.0
Evocations     | 1 2 3 4 |  4.0
Hexes          | 1 2 3 |  3.3
Summonings     | 1 2 3 |  3.3
Necromancy     | 1 2 3 |  3.3
Translocations | 1 2 3 |  3.3
Transmutations | 1 2 3 |  3.3
Ice Magic      | 1 2 3 |  3.3
Air Magic      | 1 2 3 |  3.3
Earth Magic    | 1 2 3 |  3.3
Poison Magic   | 1 2 3 |  3.3
Dodging        | 5 6 |  6.1
Stealth        | 5 |  5.9
Fire Magic     | 6 |  6.4

Action                   |  1- 3 |  4- 6 |  7- 9 || total
-------------------------+-------+-------+-------++-------
Melee: Unarmed           |     3 |       |       ||     3
       Bite              |     1 |     1 |     9 ||    11
       Short sword       |     2 |     7 |       ||     9
       Staff             |       |     1 |    44 ||    45
       Quarterstaff      |       |       |     2 ||     2
       Punch             |       |       |     1 ||     1
 Cast: Foxfire           |    63 |   106 |   178 ||   347
       Sticky Flame      |       |       |     7 ||     7
       Fireball          |       |       |     2 ||     2
       Apportation       |       |       |     2 ||     2
  Use: Scroll            |       |       |    12 ||    12
       Potion            |       |       |     1 ||     1
Armor: Robe              |     8 |       |    37 ||    45
Dodge: Dodged            |    20 |    12 |    98 ||   130

Table legend: (Time is in decaauts)
 A = Elapsed time spent in this place.
 B = Non-inter-level travel time spent in this place.
 C = Inter-level travel time spent in this place.
 D = Time resting spent in this place.
 E = Time spent auto-exploring this place.
 F = Levels seen in this place.
 G = Mean time per level.
                   A        B        C        D        E       F      G
               +--------+--------+--------+--------+--------+-----+--------+
         Total |   7189 |   6875 |    314 |    619 |   5149 |   8 |  898.6 |
       Dungeon |   7133 |   6833 |    300 |    619 |   5107 |   7 | 1019.0 |
        Temple |     55 |     42 |     13 |      0 |     42 |   1 |   55.0 |
               +--------+--------+--------+--------+--------+-----+--------+

Top non-repeatable levels by time:
     D:5: 1413 daAuts
     D:6: 1253 daAuts
     D:3: 1195 daAuts
     D:1: 958 daAuts
     D:2: 850 daAuts
     D:4: 840 daAuts
     D:7: 622 daAuts
  Temple: 55 daAuts
